 Dungeon Crawl Stone Soup version 0.30-b1-2-g02819fbbbe (webtiles) character file.

Game seed: 803066892532831936

27 Alarkh the Vexing (level 2, -1/22 HPs)
             Began as a Demonspawn Hexslinger on July 8, 2023.
             Slain by a gnoll
             ... wielding a +0 club
              (6 damage)
             ... on level 2 of the Dungeon.
             The game lasted 00:01:38 (506 turns).

Alarkh the Vexing (Demonspawn Hexslinger)            Turns: 506, Time: 00:01:39

Health: -1/22      AC:  2    Str: 10    XL:     2   Next: 93%
Magic:  2/3        EV: 12    Int: 14    God:
Gold:   17         SH:  0    Dex: 13    Spells: 2/3 levels left

rFire   . . .        a - +1 sling
rCold   . . .        (no shield)
rNeg    . . .        c - +0 robe
rPois   .            (helmet restricted)
rElec   .            (no cloak)
rCorr   .            (no gloves)
SInv    .            (no boots)
Will    .....        (no amulet)
Stlth   +            (no ring)
HPRegen 0.23/turn    (no ring)
MPRegen 0.08/turn

%: no passive effects
@: no status effects
A: horns 1
a: no special abilities


You were on level 2 of the Dungeon.
You visited 1 branch of the dungeon, and saw 2 of its levels.

You collected 17 gold pieces.

Inventory:

Hand Weapons
 a - a +1 sling (weapon)
Armour
 c - a +0 robe (worn)
Jewellery
 d - an amulet of faith
 f - a ring of see invisible
 h - a ring of magical power
Scrolls
 b - a scroll of poison
 e - 2 scrolls of teleportation
 i - a scroll of identify
 j - a scroll of immolation {unknown}
Potions
 g - a potion of cancellation
 k - a potion of heal wounds {unknown}


   Skills:
 + Level 1.8 Fighting
 * Level 2.8 Ranged Weapons
 - Level 1.7 Dodging
 - Level 1.0 Spellcasting
 - Level 3.0 Hexes


You had 2 spell levels left.
You knew the following spells:

 Your Spells              Type           Power      Damage    Failure   Level
a - Slow                  Hex            36%        N/A       8%          1

Your spell library contained the following spells:

 Spells                   Type           Power      Damage    Failure   Level
 Inner Flame              Hex/Fire       4%         N/A       38%         3
 Portal Projectile        Hex/Tloc       8%         N/A       38%         3
 Cause Fear               Hex            4%         N/A       58%         4


Dungeon Overview and Level Annotations

Branches:
Dungeon (1/15)

Altars:


Innate Abilities, Weirdness & Mutations

You have a pair of small horns on your head.


Message History

* * * LOW HITPOINT WARNING * * *
You feel your power leaking away.
You kill the gnoll!
You see here a worm corpse.
You aren't carrying any items that you can evoke.
Throw: 3 darts (poison)
Press: ? - help, Shift-Dir - straight line, f - gnoll
Aim: a gnoll, wielding a +0 club and wearing a +0 leather armour (60% to hit)
You throw a poisoned dart.
The poisoned dart barely misses the gnoll.
Throw: 2 darts (poison)
Press: ? - help, Shift-Dir - straight line, f/p - gnoll
Aim: a gnoll, wielding a +0 club and wearing a +0 leather armour (60% to hit)
You throw a poisoned dart. The poisoned dart hits the gnoll.
The gnoll is poisoned.
You don't have any such object.
Fire/throw/use which item? ([*] to toss any item) (? for menu, Esc to quit)
Throw: dart (poison)
Press: ? - help, Shift-Dir - straight line, f/p - gnoll
Aim: a gnoll, wielding a +0 club and wearing a +0 leather armour (lightly wounded, poisoned, 60% to hit)
You throw a poisoned dart.
The poisoned dart barely misses the gnoll.
You shoot a sling bullet.
The sling bullet barely misses the gnoll.
The gnoll closely misses you.
You shoot a sling bullet.
The sling bullet hits the gnoll but does no damage.
The gnoll is lightly wounded.
The gnoll hits you with a +0 club. x2
* * * LOW HITPOINT WARNING * * *
You shoot a sling bullet.
The sling bullet barely misses the gnoll.
The gnoll looks more healthy.
The gnoll closely misses you.
You shoot a sling bullet.
The sling bullet closely misses the gnoll.
The gnoll closely misses you.
You shoot a sling bullet. The sling bullet hits the gnoll.
The gnoll is moderately wounded.
The gnoll hits you with a +0 club.
You die...

#..####.##.##.#..#
#..####.##.##(#..#############
####...)...†...#.#..#............
......####..g.......#.######.####
......# #.##..#.#.##.# #.#
...g..# #.##..#(#.##.# #.#
..(†..# ####..#.#.##.#### #.#
.(....# #..#g#.......# #.#
......# ###..#@####.##.###.#
......# ##....#.............#
......# #..##.######.##.#####
......# ##.###.#......##.#
####### #..###...........#
#########....(...#########
#................#
#.###.###........# ..# #.#
#........#


You could see a gnoll.

Vanquished Creatures
  A gnoll (D:2)
  A worm (D:2)
  4 endoplasms
  A hobgoblin (D:2)
  2 bats
  A frilled lizard (D:2)
  A kobold (D:1)
  4 rats
15 creatures vanquished.

Notes
Turn   | Place    | Note
-------+----------+-------------------------------------------
     0 | D:1      | Alarkh the Demonspawn Hexslinger began the quest for the
                  | Orb.
     0 | D:1      | Reached XP level 1. HP: 15/15 MP: 2/2
   156 | D:1      | You fall into a shaft and drop 1 floor!
   156 | D:2      | Found a faded altar of an unknown god.
   216 | D:2      | Gained mutation: You have a pair of small horns on your
                  | head. [demonic ancestry]
   216 | D:2      | Reached XP level 2. HP: 21/21 MP: 3/3
   506 | D:2      | Slain by a gnoll

Illustrated notes

Levels and vault maps discovered:
D:1:      mrwooster_arrival_statue_3, layout_loops_ring, minivault_19
D:2:      layout_basic, basic_ecumenical_altar, minivault_24

Skill      XL: |  1 |
---------------+----+-----
Ranged Weapons | 2 |  2.8
Fighting       | |  1.8
Dodging        | |  1.7
Spellcasting   | |  1.0
Hexes          | |  3.0

Action                     || total
---------------------------++-------
   Fire: Sling             ||    58
  Throw: Dart              ||    11
   Cast: Slow              ||     1
    Use: Scroll            ||     2
 Armour: Robe              ||     3
  Dodge: Dodged            ||    11
